 Dungeon Crawl Stone Soup version 0.30.0-5-g1a98f26d00 (webtiles) character file.

Game seed: 15338238509877699505

7053 Lobster4 the Skirmisher (level 10, -7/81 HPs)
             Began as a Minotaur Hunter on May 10, 2023.
             Was a Believer of Hepliaklqana.
             Mangled by a war gargoyle
             ... wielding a +3 morningstar of holy wrath
              (13 damage)
             ... on level 9 of the Dungeon.
             The game lasted 00:26:11 (9812 turns).

Lobster4 the Skirmisher (Minotaur Hunter)           Turns: 9812, Time: 00:26:12

Health: -7/81      AC: 14    Str: 18    XL:     10   Next: 83%
Magic:  11/11      EV: 16    Int:  6    God:    Hepliaklqana [**....]
Gold:   434        SH:  0    Dex: 18    Spells: 9/9 levels left

rFire   . . .        a - +1 shortbow
rCold   + . .        (shield currently unavailable)
rNeg    . . .        c - +1 leather armour of the Delicate God {rElec Str+2}
rPois   .            (helmet restricted)
rElec   +            y - +1 cloak
rCorr   .            m - +2 pair of gloves
SInv    .            w - +2 pair of boots
Will    .....        R - amulet of regeneration
Stlth   ++           n - ring of protection from cold
HPRegen 1.13/turn    I - ring of flight
MPRegen 0.12/turn

%: no passive effects
@: flying
A: reduced essence, horns 2, retaliatory headbutt
a: Renounce Religion, Recall Ancestor, Ancestor Identity


You were on level 9 of the Dungeon.
You worshipped Hepliaklqana.
Hepliaklqana was pleased with you.
You visited 2 branches of the dungeon, and saw 11 of its levels.

You collected 434 gold pieces.

Inventory:

Hand Weapons
 a - a +1 shortbow (weapon)
 b - a +1 short sword of protection
 i - a +0 sling
 p - a +0 whip of venom
 u - a +2 dagger of draining
 v - the +4 sling of Watchfulness {heavy, Dex+3}
   (You found it on level 5 of the Dungeon)

   Dex:       It affects your dexterity (+3).
 F - a +2 whip of flaming
 J - a +3 hand axe
 S - a +0 arbalest
 U - a +2 dagger of venom
Missiles
 s - 2 atropa-tipped darts
 B - 6 datura-tipped darts
 C - 7 poisoned darts
 K - 4 curare-tipped darts
Armour
 c - the +1 leather armour of the Delicate God (worn) {rElec Str+2}
   (You found it on level 9 of the Dungeon)

   Str:       It affects your strength (+2).
   rElec:     It insulates you from electricity.
 m - a +2 pair of gloves (worn)
 w - a +2 pair of boots (worn)
 y - a +1 cloak (worn)
 A - the +7 plate armour of Compassion {SInv}
   (You found it on level 5 of the Dungeon)

   SInv:      It lets you see invisible.
 Q - a +1 robe of cold resistance
Jewellery
 g - a ring of fire
 n - a ring of protection from cold (left hand)
 I - a ring of flight (right hand)
 R - an amulet of regeneration (around neck)
Wands
 e - a wand of iceblast (5)
 j - a wand of digging (5)
 t - a wand of mindburst (21)
 E - a wand of charming (10)
Scrolls
 h - 2 scrolls of immolation
 o - 4 scrolls of amnesia
 r - 4 scrolls of teleportation
 H - a scroll of enchant weapon
 L - 2 scrolls of magic mapping
Potions
 d - 10 potions of curing {unknown}
 f - a potion of berserk rage
 k - 2 potions of ambrosia
 l - 3 potions of brilliance
 x - a potion of invisibility
 z - a potion of haste
 D - 2 potions of might
 G - 2 potions of heal wounds
 N - a potion of degeneration {unknown}
 P - a potion of mutation {unknown}
 T - 2 potions of magic {unknown}


   Skills:
 + Level 8.7 Fighting
 * Level 11.7 Ranged Weapons
 - Level 3.0 Throwing
 + Level 8.2 Armour
 + Level 8.0 Dodging
 - Level 1.0 Stealth
 - Level 3.0 Invocations
 - Level 3.0 Evocations


You had 9 spell levels left.
You didn't know any spells.
Your spell library contained the following spells:

 Spells                   Type           Power      Damage    Failure   Level
 Necrotise                Necr           0%         1d4       50%         1
 Vampiric Draining        Necr           0%         2d6       86%         3
 Agony                    Necr           0%         N/A       100%        5


Dungeon Overview and Level Annotations

Branches:
Dungeon (10/15)            Temple (1/1) D:7
   Lair: D:8-11         Orc: D:9-12

Altars:
Dithmenos
Elyvilon
Gozag
Hepliaklqana
Kikubaaqudgha
Makhleb
Nemelex Xobeh
Okawaru
Ru
Sif Muna
Trog
Uskayaw
Vehumet
Wu Jian
Xom
Zin
The Shining One

Shops:
D:6 :

Annotations:
D:4 2 transporters, Woods's ghost, novice OpTm
D:7 3 runed translucent doors, Chadd's ghost, novice HOMo
D:9 exclusion: boulder beetle


Innate Abilities, Weirdness & Mutations

Your life essence is reduced to manifest your ancestor. (-10% HP)
You have a pair of horns on your head.
You reflexively headbutt those who attack you in melee.


Message History

The war gargoyle is severely damaged.
The war gargoyle misses you.
Fire: a) +1 shortbow
Press: ? - help, Q - select action, (/) - cycle Shift-Dir - straight line, f/p - war gargoyle
Aim: a war gargoyle, wielding a +3 morningstar of holy wrath (severely damaged, 86% to hit)
You shoot an arrow.
The arrow hits the war gargoyle but does no damage.
The war gargoyle is severely damaged.
The war gargoyle misses you.
Fire: a) +1 shortbow
Press: ? - help, Q - select action, (/) - cycle Shift-Dir - straight line, f/p - war gargoyle
Aim: a war gargoyle, wielding a +3 morningstar of holy wrath (severely damaged, 86% to hit)
You shoot an arrow.
The arrow barely misses the war gargoyle.
The war gargoyle hits you but does no damage.
The war gargoyle launches metal splinters at you.
The spray of metal splinters misses you.
Fire: a) +1 shortbow
Press: ? - help, Q - select action, (/) - cycle Shift-Dir - straight line, f/p - war gargoyle
Aim: a war gargoyle, wielding a +3 morningstar of holy wrath (severely damaged, catching its breath, 86% to hit)
You shoot an arrow. The arrow hits the war gargoyle!
The war gargoyle is almost destroyed.
The war gargoyle hits you with a +3 morningstar of holy wrath!!
Fire: a) +1 shortbow
Press: ? - help, Q - select action, (/) - cycle Shift-Dir - straight line, f/p - war gargoyle
Aim: a war gargoyle, wielding a +3 morningstar of holy wrath (almost destroyed, 86% to hit)
You shoot an arrow.
The arrow hits the war gargoyle but does no damage.
The war gargoyle is almost destroyed.
The war gargoyle launches metal splinters at you.
The spray of metal splinters hits you!!
* * * LOW HITPOINT WARNING * * *
Fire: a) +1 shortbow
Press: ? - help, Q - select action, (/) - cycle Shift-Dir - straight line, f/p - war gargoyle
Aim: a war gargoyle, wielding a +3 morningstar of holy wrath (almost destroyed, catching its breath, 86% to hit)
You shoot an arrow.
The arrow hits the war gargoyle but does no damage.
The war gargoyle is almost destroyed.
The war gargoyle hits you with a +3 morningstar of holy wrath!
You die...

#.## ##....##
##.###....##
#..#....##
##.....#######
#....##.....###
##..##........##
#.###.........#
#9##..........#
#@##..>.......##
#..#...........#
##.............#
#.............##
##..............# ###
##...............#
##.###
##..#.............##
##....##
##..##........>....##
#......#
##..###...............


You could see a war gargoyle (catching breath).

Vanquished Creatures
  A two-headed ogre (D:9)
  A tengu warrior (D:8)
  Pikel (D:5)
  Prince Ribbit (D:9)
  6 yaks
  A wyvern (D:9)
  3 water moccasins
  2 acid dragons
  Duvessa (D:7)
  A sky beast (Temple)
  An orc warrior (D:9)
  2 ogres
  3 lemures (D:5)
  A centaur (D:9)
  A phantom (D:4)
  A kobold brigand (D:10)
  4 bullfrogs
  4 scorpions
  3 wights (D:8)
  Dowan (D:7)
  4 killer bees (D:9)
  3 howler monkeys (D:9)
  9 electric eels (D:8)
  3 jellies (D:5)
  An orc priest (D:5)
  4 hounds
  A gnoll bouda (D:7)
  Ijyb (D:4)
  3 orc wizards
  2 iguanas
  8 gnolls
  5 adders
  3 white imps (D:6)
  An ufetubus (D:5)
  2 worms (D:2)
  A dart slug (D:1)
  29 orcs
  6 bats
  3 endoplasms
  4 giant cockroaches
  9 hobgoblins
  10 jackals
  6 quokkas
  6 ball pythons
  3 frilled lizards
  6 goblins
  6 kobolds
  7 rats
185 creatures vanquished.

Vanquished Creatures (collateral kills)
  A gargoyle (D:10)
  A troll (D:9)
  A yak (D:9)
  A basilisk (D:9)
  2 bullfrogs (D:8)
  A wight (D:8)
  A killer bee (D:9)
  A sleepcap (D:8)
  A shadow imp (D:8)
  2 orcs (D:9)
  A kobold (D:10)
13 creatures vanquished.

Vanquished Creatures (others)
  2 knights
  13 ancestors
  An orc (D:8)
16 creatures vanquished.

Grand Total: 214 creatures vanquished

Notes
Turn   | Place    | Note
-------+----------+-------------------------------------------
     0 | D:1      | Lobster4 the Minotaur Hunter began the quest for the Orb.
     0 | D:1      | Reached XP level 1. HP: 18/18 MP: 0/0
     1 | D:1      | You fall into a shaft and drop 1 floor!
    53 | D:2      | Reached skill level 1 in Stealth
    53 | D:2      | Reached XP level 2. HP: 25/25 MP: 1/1
   118 | D:2      | Reached skill level 1 in Armour
   148 | D:2      | Reached XP level 3. HP: 29/30 MP: 2/2
   274 | D:2      | Reached skill level 5 in Ranged Weapons
   528 | D:1      | Reached XP level 4. HP: 38/38 MP: 3/3
  1631 | D:2      | Reached XP level 5. HP: 44/45 MP: 4/4
  2613 | D:3      | Reached skill level 6 in Ranged Weapons
  2949 | D:4      | Reached XP level 6. HP: 52/52 MP: 5/5
  3117 | D:4      | Noticed Ijyb
  3131 | D:4      | Killed Ijyb
  3152 | D:4      | Reached skill level 1 in Evocations
  3419 | D:4      | Noticed Woods's ghost (novice OpTm)
  3423 | D:4      | Found a transporter.
  3450 | D:4      | Found a transporter.
  3577 | D:5      | Entered Level 5 of the Dungeon
  3577 | D:5      | Noticed a water moccasin
  3629 | D:5      | Noticed a water moccasin
  3681 | D:5      | Identified the +4 sling of Watchfulness {heavy, Dex+3}
  3699 | D:5      | Killed a water moccasin
  3700 | D:5      | Reached XP level 7. HP: 58/60 MP: 6/6
  3736 | D:5      | Reached skill level 7 in Ranged Weapons
  3766 | D:5      | Identified the +7 plate armour of Compassion {SInv}
  4192 | D:5      | Reached skill level 5 in Fighting
  4311 | D:5      | Reached XP level 8. HP: 64/68 MP: 7/7
  4481 | D:5      | Noticed Pikel
  4491 | D:5      | Killed Pikel
  4492 | D:5      | Reached skill level 8 in Ranged Weapons
  4492 | D:5      | Reached skill level 5 in Armour
  4492 | D:5      | Reached skill level 5 in Dodging
  4667 | D:6      | Found Plog's Book Boutique.
  4675 | D:6      | Found a burning altar of Makhleb.
  5062 | D:6      | Found a hide-covered altar of Uskayaw.
  5062 | D:6      | Found a shadowy altar of Dithmenos.
  5063 | D:6      | Found a sacrificial altar of Ru.
  5166 | D:6      | Found a shimmering blue altar of Sif Muna.
  5389 | D:7      | Found a staircase to the Ecumenical Temple.
  5404 | Temple   | Entered the Ecumenical Temple
  5411 | Temple   | Became a worshipper of Hepliaklqana the Forgotten
  5670 | D:7      | Found a radiant altar of Vehumet.
  5697 | D:7      | Reached XP level 9. HP: 77/77 MP: 8/8
  5757 | D:7      | Noticed Chadd's ghost (novice HOMo)
  5781 | D:7      | Found a runed translucent gate.
  5781 | D:7      | Found a runed translucent gate.
  5781 | D:7      | Found a runed translucent gate.
  5874 | D:7      | Reached skill level 9 in Ranged Weapons
  5874 | D:7      | Reached skill level 1 in Throwing
  5874 | D:7      | Reached skill level 1 in Invocations
  6179 | D:7      | Found a glowing golden altar of the Shining One.
  6206 | D:7      | Found an ornate altar of the Wu Jian Council.
  6363 | D:7      | Noticed Duvessa
  6363 | D:7      | Noticed Dowan
  6463 | D:7      | Killed Duvessa
  6487 | D:7      | Killed Dowan
  7036 | D:8      | Reached * piety under Hepliaklqana
  7773 | D:8      | Noticed a tengu warrior
  7947 | D:8      | Killed a tengu warrior
  7948 | D:8      | Reached skill level 10 in Ranged Weapons
  7948 | D:8      | Reached XP level 10. HP: 77/77 MP: 9/11
  8707 | D:9      | Noticed a two-headed ogre
  8723 | D:9      | Killed a two-headed ogre
  8795 | D:9      | Noticed Prince Ribbit
  8803 | D:9      | Killed Prince Ribbit
  8804 | D:9      | Reached skill level 11 in Ranged Weapons
  9008 | D:9      | Reached ** piety under Hepliaklqana
  9009 | D:9      | Remembered your ancestor Keminub as a knight
  9172 | D:9      | Identified the +1 leather armour of the Delicate God {rElec
                  | Str+2}
  9504 | D:10     | Entered Level 10 of the Dungeon
  9526 | D:10     | Noticed a boulder beetle
  9617 | D:10     | Noticed a war gargoyle
  9695 | D:10     | Noticed a gargoyle
  9701 | D:10     | Killed a gargoyle
  9812 | D:9      | Mangled by a war gargoyle

Illustrated notes

Levels and vault maps discovered:
D:1:      minmay_arrival_open_corners, layout_basic
D:2:      layout_basic
D:3:      layout_loops_corners
D:4:      layout_basic, gammafunk_ghost_arena, nicolae_figureground_pulse,
          uniq_ijyb
D:5:      layout_loops_ring, uniq_pikel
D:6:      layout_cave_pools, mainiacjoe_overflow_tiny_flanked,
          nicolae_overflow_quartered_altars, serial_shops, shop
D:7:      layout_layer_cave, mainiacjoe_overflow_chevrons,
          mainiacjoe_overflow_two_lobes, minmay_temple_entry_arrows,
          gammafunk_ghost_icy, dreamdust_gnoll_shepherd, uniq_duvessa
D:8:      layout_loops_ring, serial_bayou, serial_bayou_lake_a,
          serial_bayou_lagoon_a, serial_bayou_crossing, serial_bayou_ford_a,
          minmay_microvault
D:9:      layout_cave_pods, uniq_prince_ribbit1
D:10:     minmay_roctagon, layout_cave_pools, david_lair_shrubbed,
          hangedman_abyss_or_decor_slice, grunt_livestock
Temple:   nicolae_temple_ecumenical_triangle

Skill      XL: |  1  2  3  4  5  6  7  8  9 10 |
---------------+-------------------------------+-----
Stealth        | 1 |  1.0
Armour         | 1 2 3 4 5 6 8 |  8.2
Fighting       | 3 4 5 6 7 8 |  8.7
Ranged Weapons | 5 6 7 8 10 11 | 11.7
Dodging        | 3 4 5 6 8 |  8.0
Evocations     | 1 2 3 |  3.0
Throwing       | 3 |  3.0
Invocations    | 3 |  3.0

Action                     |  1- 3 |  4- 6 |  7- 9 | 10-12 || total
---------------------------+-------+-------+-------+-------++-------
  Melee: Short sword       |       |       |     6 |       ||     6
   Fire: Shortbow          |    87 |   220 |   407 |   166 ||   880
  Throw: Dart              |       |       |     4 |     3 ||     7
 Invoke: Recall Ancestor   |       |       |       |     2 ||     2
         Ancestor Life: Kn |       |       |       |     1 ||     1
    Use: Scroll            |       |    10 |     9 |     4 ||    23
         Potion            |       |       |     1 |       ||     1
 Armour: Leather armour    |     9 |    20 |    22 |     1 ||    52
         Ring mail         |       |       |    54 |    22 ||    76
  Dodge: Dodged            |    24 |    61 |   106 |    63 ||   254
